 Dungeon Crawl Stone Soup version 0.9.0-27-g8a39726 character file.

492 Rofaner the Covered (level 6, -2/53 HPs)
             Began as a Mountain Dwarf Fighter on Nov 25, 2011.
             Slain by Menkaure (13 damage)
             ... on Level 4 of the Dungeon on Nov 26, 2011.
             The game lasted 00:13:22 (3061 turns).

Rofaner the Covered (Mountain Dwarf Fighter)        Turns: 3061, Time: 00:13:25

HP  -2/53        AC 12     Str 22      XL: 6   Next: 43%
MP   4/4         EV  4     Int  6      God:
Gold 149         SH 21     Dex 11      Spells:  0 memorised,  5 levels left

Res.Fire  : + . .   See Invis. : .   a - +0 dwarf hand axe
Res.Cold  : . . .   Warding    : . . k - +2 splint mail {rF+}
Life Prot.: . . .   Conserve   : .   c - +0 dwarf shield
Res.Acid. : . . .   Res.Corr.  : .   (no helmet)
Res.Poison: .       Clarity    : .   (no cloak)
Res.Elec. : .       Spirit.Shd : .   (no gloves)
Sust.Abil.: . .     Stasis     : .   (no boots)
Res.Mut.  : .       Ctrl.Telep.: .   (no amulet)
Res.Rott. : .       Levitation : .   (no ring)
Saprovore : . . .   Ctrl.Flight: .   (no ring)

@: slightly resistant to hostile enchantments, extremely unstealthy
A: no striking features
a: no special abilities


You were on level 4 of the Dungeon.
You were very full.

You visited 1 branch of the dungeon, and saw 4 of its levels.

You collected 129 gold pieces.

Inventory:

Hand weapons
 a - a +0,+0 dwarven hand axe (weapon)
Armour
 c - a +0 dwarven shield (worn)
 j - a +2 splint mail
 k - a +2 splint mail of fire resistance (worn)
Magical devices
 p - a wand of polymorph other (5) {unknown}
Comestibles
 d - a meat ration
 f - a choko
 g - a bread ration
 i - an apricot
 n - an apple
Scrolls
 b - a scroll of remove curse
 l - a scroll of teleportation
 m - 3 scrolls of enchant weapon II
Potions
 e - a potion of healing


   Skills:
 + Level 5 Fighting
 * Level 4 Axes
 * Level 6 Armour
 - Level 1 Dodging
 + Level 4 Shields
 + Level 1 Traps & Doors


You had 5 spell levels left.
You didn't know any spells.

Dungeon Overview and Level Annotations

Branches:
Dungeon (4/27)
 Temple: D:4-7

Altars:
Xom
Yredelemnul


Message History

You hit Menkaure.
Menkaure is lightly damaged.
Menkaure hits you but does no damage. You block Menkaure's attack.
You hit Menkaure.
Menkaure is lightly damaged.
You block Menkaure's attack.
You hit Menkaure.
Menkaure is moderately damaged.
Menkaure hits you but does no damage. Menkaure hits you!
You slash Menkaure!
Menkaure is moderately damaged.
Menkaure calls on the powers of darkness!
Your body is wracked with pain!
You hit Menkaure.
Menkaure is severely damaged.
Menkaure calls on the powers of darkness!
Your body is wracked with pain!
* * * LOW HITPOINT WARNING * * *
Menkaure hits you!
You die...

#.#### #.# #.#
#.# #.# #.#####
......#
......########...
........@M.?.....
......########...
......# ####.##
#.# #.# #.# #..
...


You could see Menkaure.

Vanquished Creatures
  The ghost of Eplochichos the Grave Robber, an average NaNe (D:4)
  An ogre (D:4)
  2 big fish zombies (D:2)
  3 snakes
  A worm (D:3)
  4 giant cockroaches
  12 goblins
  7 hobgoblins
  3 jackals (D:4)
  7 bats
  A giant gecko (D:2)
  7 giant newts
  5 kobolds
  A quokka (D:3)
  9 rats
  A small snake (D:3)
  2 toadstools
67 creatures vanquished.

Notes
Turn   | Place    | Note
--------------------------------------------------------------
     0 | D:1      | Rofaner, the Mountain Dwarf Fighter, began the quest for the Orb.
     0 | D:1      | Reached XP level 1. HP: 19/19 MP: 0/0
   334 | D:1      | Reached XP level 2. HP: 27/27 MP: 1/1
  1043 | D:2      | Found a shimmering altar of Xom.
  1043 | D:2      | Found a shimmering altar of Xom.
  1044 | D:2      | Found a shimmering altar of Xom.
  1044 | D:2      | Found a shimmering altar of Xom.
  1044 | D:2      | Found a shimmering altar of Xom.
  1044 | D:2      | Found a shimmering altar of Xom.
  1044 | D:2      | Found a shimmering altar of Xom.
  1177 | D:2      | Noticed a big fish zombie
  1401 | D:2      | Reached XP level 3. HP: 23/33 MP: 2/2
  1539 | D:2      | Noticed a big fish zombie
  1546 | D:2      | Defeated a big fish zombie
  1546 | D:2      | Reached skill level 5 in Armour
  1546 | D:2      | Reached skill level 1 in Traps & Doors
  1554 | D:2      | Defeated a big fish zombie
  1554 | D:2      | Reached XP level 4. HP: 38/40 MP: 2/2
  1557 | D:2      | Found a basalt altar of Yredelemnul.
  1640 | D:2      | You fall through a shaft!
  1682 | D:3      | Reached skill level 1 in Dodging
  2596 | D:4      | Noticed Eplochichos' ghost (average NaNe)
  2622 | D:4      | Defeated Eplochichos' ghost
  2622 | D:4      | Reached XP level 5. HP: 8/46 MP: 3/3
  2930 | D:4      | Reached skill level 5 in Fighting
  2930 | D:4      | Reached skill level 6 in Armour
  2930 | D:4      | Reached XP level 6. HP: 34/53 MP: 4/4
  3048 | D:4      | Noticed Menkaure
  3061 | D:4      | Slain by Menkaure
